 Dungeon Crawl Stone Soup version 0.18-a0-102-gb1241f3 (webtiles) character file.

167233 Proton the Severer (level 17, -1/145 HPs)
             Began as a Deep Dwarf Fighter on Nov 15, 2015.
             Was a High Priest of Ru.
             Killed from afar by a merfolk aquamancer (23 damage)
             ... with a shard of ice
             ... on level 2 of the Shoals.
             The game lasted 01:34:45 (26612 turns).

Proton the Severer (Deep Dwarf Fighter)            Turns: 26612, Time: 01:34:45

Health: -1/145     AC: 37    Str: 29    XL:     17   Next: 31%
Magic:  17/17      EV: 10    Int: 10    God:    Ru [*****.]
Gold:   3012       SH: 14    Dex: 12    Spells: 0 memorised, 16 levels left

rFire  + + .     SeeInvis +     P - +2 war axe (drain)
rCold  . . .     Clarity  +     S - +0 crystal plate armour
rNeg   + . .     SustAt   .     c - +0 shield
rPois  .         Gourm    .     F - +5 hat "Taxzauqupo" {rF+ Int+2 SInv}
rElec  +         Spirit   .     x - +1 cloak
rCorr  .         Warding  .     (no gloves)
rMut   .         Stasis   .     G - +2 pair of boots
MR     ++++.                    (no amulet)
Stlth  ..........               N - +4 ring of protection
                                E - ring "Juehuari" {+Fly MR+ Str+3}

@: lethally poisoned (-1 -> -3), exhausted, non-regenerating, heavily drained,
incredibly resistant to hostile enchantments, extremely unstealthy
A: damage resistance, recharge devices, fangs 1, clarity, dopey 1, fire
resistance 1, frail 1, magic resistance 1, negative energy resistance 1, sense
surroundings 2, electricity resistance, slow regeneration 3, spit poison 1, wild
magic 1, no stealth, inability to use devices, no hexes magic, no poison magic,
no summoning magic, disrupted magic 2, MP-powered wands
a: Device Recharging, Spit Poison, Draw Out Power, Power Leap, Apocalypse,
Renounce Religion


You were on level 2 of the Shoals.
You worshipped Ru.
Ru was extremely pleased with you.
You were not hungry.

You visited 6 branches of the dungeon, and saw 33 of its levels.
You also visited: Bailey.

You collected 3517 gold pieces.
You spent 505 gold pieces at shops.

Inventory:

Hand Weapons
 P - a +2 war axe of draining (weapon)
Armour
 c - a +0 shield (worn)
 x - a +1 cloak (worn)
 F - the +5 hat "Taxzauqupo" (worn) {rF+ Int+2 SInv}
   (You found it on level 1 of the Lair of Beasts)

   It affects your intelligence (+2).
   It protects you from fire.
   It lets you see invisible.
 G - a +2 pair of boots (worn)
 S - a +0 crystal plate armour (worn)
Jewellery
 n - an uncursed ring of ice
 v - an uncursed ring of protection from magic
 D - a +4 ring of evasion
 E - the ring "Juehuari" (left hand) {+Fly MR+ Str+3}
   (You found it on level 6 of the Dungeon)

   [ring of strength]

   It affects your strength (+3).
   It affects your resistance to hostile enchantments.
   It lets you fly.
 N - a +4 ring of protection (right hand)
Scrolls
 a - 4 scrolls of immolation
 e - 6 scrolls of teleportation
 h - 3 scrolls of fear
 j - 3 scrolls of enchant weapon
 o - 3 scrolls of noise
 p - 3 scrolls of fog
 s - 2 scrolls of brand weapon
 y - 2 scrolls of enchant armour
 A - 4 scrolls of holy word
 I - 7 scrolls of amnesia
 J - 13 scrolls of remove curse
 M - 7 scrolls of identify
 Q - a scroll of magic mapping
Potions
 b - 3 potions of ambrosia
 d - 4 potions of might
 g - 3 potions of invisibility
 k - 9 potions of heal wounds
 r - 6 potions of berserk rage
 u - 14 potions of curing
 w - 2 potions of haste
 z - 3 potions of resistance
 B - 3 potions of lignification
 H - a potion of cancellation
 K - a potion of agility
 L - 2 potions of flight
 R - a potion of brilliance
Comestibles
 f - 13 bread rations
 i - 4 beef jerkies
 m - 17 fruits
 t - 4 meat rations
 C - 12 royal jellies


   Skills:
 + Level 12.4(10.7) Fighting
 + Level 18.3(16.5) Axes
 + Level 15.0(13.3) Armour
 + Level 12.6(11.0) Dodging
 + Level 15.0(13.2) Shields


You had 16 spell levels left.
You didn't know any spells.

Dungeon Overview and Level Annotations

Branches:
Dungeon (15/15)            Temple (1/1) D:4            Lair (8/8) D:11
 Shoals (2/4) Lair:6        Snake (3/4) Lair:6        Slime (0/6) Lair:8
    Orc (4/4) D:11            Elf (0/3) Orc:4        Vaults (0/5) D:13
 Depths (0/5) D:15

Altars:
Ashenzari
Cheibriados
Dithmenos
Elyvilon
Fedhas
Gozag
Kikubaaqudgha
Makhleb
Nemelex Xobeh
Okawaru
Qazlal
Ru
Sif Muna
Trog
Vehumet
Xom
Yredelemnul
Zin
The Shining One
Jiyva

Shops:
D:5 !}   D:8 [   Orc:4 :=[}   Snake:2 *%(

Annotations:
D:7 exclusion: oklob plant


Innate Abilities, Weirdness & Mutations

You are resistant to damage.
You can recharge devices by infusing magical energy.
You resist negative energy.
You passively map the area around you.
You do not regenerate naturally.
You cannot be stealthy.
You cannot study or use magical devices.
You cannot study or cast Hexes magic.
You cannot study or cast Poison magic.
You cannot study or cast Summoning magic.
Your casting is disrupted.
You have very sharp teeth.
You possess an exceptional clarity of mind.
You are dopey. (Int -2)
Your flesh is heat resistant.
You are frail (-10% HP).
You are resistant to hostile enchantments.
You are resistant to electric shocks.
You can spit weak poison.
Your spells are a little harder to cast, but a little more powerful.
You expend magic power (3 MP) to strengthen your wands.


Message History

You are knocked back by the great wave of water.
The wave splashes down.
Splash!
You fall into the shallow water.
Moving in this stuff is going to be slow.
You hear a shout! x3
You hear an angry hiss.
You hear a shout!
Your unstable footing causes you to fumble your attack.
The merfolk hits you but does no damage.
You are more poisoned.
The merfolk aquamancer gestures at you while chanting.
The ball of steam hits you! You resist.
* * * LOW HITPOINT WARNING * * *
A merfolk and a wind drake come into view.
You barely miss the merfolk aquamancer. You bite the merfolk aquamancer.
The merfolk aquamancer is severely wounded.
You feel sick.
The merfolk aquamancer points at you and mumbles some strange words.
The shard of ice hits you!
You die...

≈ ≈ >, ≈ ≈
.≈≈......<.##m...≈≈ ,
,
,.k..............≈≈#*,
* ,, ≈
......≈..≈≈≈≈≈.≈≈#* ,
......≈≈≈≈≈≈≈≈≈.≈#8
**, ,
....≈≈≈.≈≈≈≈≈...# , ,
, #...≈.≈≈≈≈≈...# ,≈≈
##..m≈≈≈≈≈≈....# * , ≈
, #....≈@........# , ,
≈ #####.<)≈≈m........#
' ....≈..)≈≈≈.......≈#
,*
#..≈≈≈.m)≈....≈..≈≈# *
, *
..≈≈≈≈..≈≈≈≈≈≈≈≈≈≈≈# *
*..≈≈m≈≈.≈P≈≈≈≈≈≈≈≈≈#
* .≈≈≈≈≈≈.≈≈≈≈≈≈≈≈≈≈≈#
, ,
.≈≈≈≈≈≈.≈P≈≈≈≈≈≈≈≈≈≈
,, *
.≈≈≈≈≈≈.....P≈≈≈≈≈≈≈


You could see 3 merfolk aquamancers, a wind drake and 2 merfolk.

Vanquished Creatures
  Rupert (Orc:2)
  Gastronok (Orc:1)
  3 greater nagas
  5 dire elephants (Lair:8)
  Snorg (Orc:1)
  A merfolk impaler (Shoals:1)
  A fire dragon (Lair:1)
  2 vault guards (D:13)
  7 hydras
  5 naga warriors
  A catoblepas (D:13)
  A merfolk avatar (Shoals:1)
  3 centaur warriors
  5 anacondas
  5 merfolk aquamancers
  2 tengu warriors
  6 ogre magi
  2 naga sharpshooters
  2 shock serpents
  Sonja (D:13)
  Nergalle (Orc:2)
  An iron troll (D:10)
  A salamander mystic (Snake:3)
  17 sea snakes
  4 skeletal warriors
  3 deep trolls (D:10)
  2 unseen horrors
  A naga ritualist (Snake:2)
  9 hill giants
  An unseen horror (shapeshifter) (D:15)
  7 harpies (Shoals:1)
  A mana viper (Snake:1)
  4 orc knights
  3 griffons
  2 wizards (D:14)
  12 ugly things
  8 cyclopes
  A wolf spider zombie (D:13)
  9 salamanders
  A moth of wrath (shapeshifter) (D:15)
  4 manticores
  A water nymph (Shoals:1)
  Maurice (D:9)
  12 black mambas
  3 guardian serpents (Snake:2)
  14 elephants
  A gargoyle (D:12)
  9 spiny frogs
  8 naga magi
  3 kobold demonologists
  7 komodo dragons
  2 centaur skeletons (D:13)
  A fire drake (Lair:5)
  4 yaktaurs (D:12)
  13 two-headed ogres
  A polar bear (Lair:4)
  A merfolk (Shoals:1)
  2 tengu conjurers
  A queen bee (Lair:3)
  9 trolls
  A wind drake (Shoals:1)
  A boulder beetle (Lair:8)
  The ghost of Oper80 the Insei, an amateur OpMo (D:4)
  2 snapping turtles (Shoals:1)
  9 blink frogs
  A centaur simulacrum (D:14)
  A trapdoor spider (D:11)
  3 water elementals (Shoals:1)
  12 slime creatures
  Sigmund (D:3)
  A human (D:13)
  4 basilisks
  2 spriggans (shapeshifter) (D:15)
  A shadow (D:13)
  A steam dragon (Lair:4)
  30 yaks
  A deep elf fighter (D:13)
  10 vampire mosquitoes
  14 hippogriffs
  2 wyverns
  Grum (D:9)
  10 wolves
  4 wargs
  A mottled dragon (D:12)
  2 hungry ghosts (D:12)
  17 nagas
  10 porcupines
  4 sky beasts
  14 water moccasins
  2 ice beasts
  A wasp (D:11)
  40 ogres
  11 orc warriors
  2 black bears
  5 eyes of draining
  3 phantoms
  A necrophage (D:5)
  8 boggarts
  4 big kobolds
  9 crocodiles
  Blork the orc (D:6)
  11 centaurs
  16 giant frogs
  A gnoll sergeant (D:9)
  2 scorpions
  32 killer bees
  3 wights (D:9)
  9 electric eels
  2 giant frog zombies (D:5)
  3 hounds
  A quasit (D:12)
  24 orc priests
  6 crimson imps
  Crazy Yiuf (D:4)
  4 centaur zombies
  6 jellies
  14 worker ants
  11 iguanas
  33 orc wizards
  7 sheep
  A hound skeleton (D:7)
  A worker ant zombie (D:8)
  15 adders
  21 gnolls
  66 river rats
  2 shadow imps
  2 worms
  5 giant geckos
  165 orcs
  A ball python (D:2)
  6 bats
  4 giant cockroaches
  11 goblins
  16 hobgoblins
  25 jackals
  5 quokkas
  4 giant newts
  36 kobolds
  9 rats (D:1)
  7 fungi
  10 plants
1086 creatures vanquished.

Vanquished Creatures (others)
  3 hydras
  A skeletal warrior (D:14)
  A mana viper (Snake:2)
  A black mamba (Lair:8)
  An efreet (D:15)
  A yak (Lair:7)
  A naga (Snake:1)
  A centaur (Lair:6)
  A killer bee (Lair:3)
  An orc (Orc:2)
  10 fungi
  5 plants
27 creatures vanquished.

Grand Total: 1113 creatures vanquished

Notes
Turn   | Place    | Note
--------------------------------------------------------------
     0 | D:1      | Proton the Deep Dwarf Fighter began the quest for the Orb.
     0 | D:1      | Reached XP level 1. HP: 20/20 MP: 1/1
    83 | D:1      | Reached XP level 2. HP: 24/27 MP: 2/2
   558 | D:1      | Reached XP level 3. HP: 21/34 MP: 3/3
   914 | D:2      | Found a blossoming altar of Fedhas.
  1123 | D:2      | Reached XP level 4. HP: 17/42 MP: 4/4
  1140 | D:2      | Reached skill level 4 in Shields
  1550 | D:3      | Noticed Sigmund
  1578 | D:3      | Killed Sigmund
  1578 | D:3      | Reached XP level 5. HP: 10/50 MP: 5/5
  1634 | D:3      | Reached XP level 6. HP: 35/57 MP: 6/6
  1646 | D:3      | Found a snail-covered altar of Cheibriados.
  2093 | D:4      | Noticed Oper80's ghost (amateur OpMo)
  2097 | D:5      | Entered Level 5 of the Dungeon
  2163 | D:5      | Reached skill level 5 in Axes
  2163 | D:5      | Reached skill level 5 in Shields
  2214 | D:5      | Reached XP level 7. HP: 35/64 MP: 7/7
  2218 | D:5      | Gained mutation: You expend magic power (3 MP) to strengthen your wands. [mutagenic meat]
  2219 | D:5      | Gained mutation: Your muscles are strong. (Str +2) [mutagenic meat]
  2267 | D:5      | Reached skill level 5 in Armour
  2344 | D:5      | Reached skill level 6 in Axes
  2382 | D:5      | Found Isigokol's Gadget Emporium.
  2607 | D:5      | Found a shimmering altar of Xom.
  2644 | D:5      | Found a sparkling altar of Nemelex Xobeh.
  2648 | D:5      | Found a glowing silver altar of Zin.
  2648 | D:5      | Found a basalt altar of Yredelemnul.
  2678 | D:5      | Found Ruyggiy's Distillery.
  2882 | D:5      | Reached XP level 8. HP: 48/73 MP: 8/8
  2943 | D:4      | Noticed Crazy Yiuf
  2953 | D:4      | Killed Crazy Yiuf
  3089 | D:4      | Found a staircase to the Ecumenical Temple.
  3226 | D:6      | Noticed Blork the orc
  3240 | D:6      | Killed Blork the orc
  3240 | D:6      | Reached skill level 7 in Axes
  3338 | D:7      | Reached skill level 5 in Fighting
  3496 | D:7      | Found a deep blue altar of Sif Muna.
  3617 | D:7      | Noticed an oklob plant
  3983 | D:6      | Got a vibrating golden ring
  4031 | D:5      | Identified the ring "Juehuari" {+Fly MR+ Str+3} (You found it on level 6 of the Dungeon)
  4447 | Temple   | Entered the Ecumenical Temple
  4461 | Temple   | Became a worshipper of Ru the Awakened
  4673 | D:4      | Reached skill level 8 in Axes
  4742 | D:4      | Killed Oper80's ghost
  5389 | D:8      | Gained mutation: You passively map the area around you. [Deep Dwarf growth]
  5389 | D:8      | Reached XP level 9. HP: 42/81 MP: 9/9
  5439 | D:8      | Found Wokhak's Antique Armour Boutique.
  5456 | D:8      | Bought a runed helmet for 144 gold pieces
  5822 | D:8      | Reached skill level 9 in Axes
  5844 | D:8      | Noticed an eight-headed hydra
  6009 | D:9      | Noticed Maurice
  6035 | D:9      | Killed Maurice
  6058 | D:9      | Found a radiant altar of Vehumet.
  6067 | D:9      | Gained mutation: Your body sometimes deteriorates upon taking damage. [potion of mutation]
  6067 | D:9      | Gained mutation: You are frail (-10% HP). [potion of mutation]
  6067 | D:9      | Lost mutation: Your muscles are strong. (Str +2) [potion of mutation]
  6072 | D:9      | Noticed Grum
  6098 | D:9      | Reached skill level 10 in Axes
  6103 | D:9      | Killed Grum
  6174 | D:9      | Gained mutation: Your mind is acute. (Int +2) [potion of mutation]
  6174 | D:9      | Gained mutation: Scrolls take you a little longer to read. [potion of mutation]
  6229 | D:9      | Reached XP level 10. HP: 17/82 MP: 10/10
  6290 | D:9      | Gained mutation: You occasionally shout uncontrollably at your foes. [mutagenic meat]
  6291 | D:9      | Gained mutation: You can spit weak poison. [mutagenic meat]
  6344 | D:9      | Gained mutation: Your mind is very acute. (Int +4) [potion of mutation]
  6344 | D:9      | Gained mutation: You can spit poison. [potion of mutation]
  6793 | D:9      | Found a bloodstained altar of Trog.
  6981 | D:10     | Entered Level 10 of the Dungeon
  7133 | D:11     | Noticed a hill giant
  7137 | D:11     | Noticed an elephant
  7143 | D:11     | Noticed a hill giant
  7144 | D:11     | Noticed an unseen horror
  7149 | D:11     | Killed a hill giant
  7149 | D:11     | Reached skill level 11 in Axes
  7150 | D:11     | Noticed a hill giant
  7155 | D:11     | Found a staircase to the Lair.
  7165 | D:11     | Found a flagged portal.
  7174 | Bailey   | Entered a bailey
  7433 | Bailey   | Gained mutation: You cannot study or use magical devices. [Ru sacrifice]
  7433 | Bailey   | Reached * piety under Ru
  7433 | Bailey   | Reached ** piety under Ru
  7433 | Bailey   | Reached *** piety under Ru
  7477 | D:11     | Killed an unseen horror
  7483 | D:11     | Killed an elephant
  7485 | D:11     | Killed a hill giant
  7492 | D:11     | Killed a hill giant
  7559 | D:11     | Reached XP level 11. HP: 81/90 MP: 4/11
  7560 | D:11     | Noticed a hill giant
  7574 | D:11     | Killed a hill giant
  7574 | D:11     | Reached skill level 12 in Axes
  7608 | D:11     | Reached skill level 13 in Axes
  7608 | D:11     | Reached skill level 10 in Armour
  7608 | D:11     | Reached skill level 10 in Shields
  7608 | D:11     | Reached XP level 12. HP: 75/98 MP: 12/12
  7633 | D:11     | Found a staircase to the Orcish Mines.
  8888 | Lair:1   | Entered Level 1 of the Lair of Beasts
  8901 | Lair:1   | Reached skill level 14 in Axes
  8901 | Lair:1   | Reached XP level 13. HP: 64/106 MP: 11/13
  9107 | D:12     | Gained mutation: You cannot be stealthy. [Ru sacrifice]
  9194 | D:12     | Lost mutation: Your mind is very acute. (Int +4) [mutagenic meat]
  9339 | D:12     | Lost mutation: Your body sometimes deteriorates upon taking damage. [potion of cure mutation]
  9339 | D:12     | Lost mutation: Your mind is acute. (Int +2) [potion of cure mutation]
  9339 | D:12     | Lost mutation: Scrolls take you a little longer to read. [potion of cure mutation]
  9339 | D:12     | Lost mutation: You expend magic power (3 MP) to strengthen your wands. [potion of cure mutation]
  9339 | D:12     | Lost mutation: You can spit poison. [potion of cure mutation]
 10087 | D:13     | Noticed Sonja
 10207 | D:13     | Killed Sonja
 10369 | D:13     | Reached skill level 15 in Axes
 10394 | D:13     | Gained mutation: You resist negative energy. [Deep Dwarf growth]
 10394 | D:13     | Reached XP level 14. HP: 79/116 MP: 14/14
 10459 | D:13     | Found a gate to the Vaults.
 10834 | D:14     | Gained mutation: You have sharp toenails. [a neqoxec]
 10850 | D:14     | Gained mutation: You cannot study or cast Poison magic. [Ru sacrifice]
 10850 | D:14     | Gained mutation: You cannot study or cast Hexes magic. [Ru sacrifice]
 10850 | D:14     | Gained mutation: You cannot study or cast Summoning magic. [Ru sacrifice]
 10850 | D:14     | Reached **** piety under Ru
 10850 | D:14     | Reached ***** piety under Ru
 10991 | D:14     | Lost mutation: You have sharp toenails. [mutagenic meat]
 10992 | D:14     | Gained mutation: You are agile. (Dex +2) [mutagenic meat]
 10993 | D:14     | Gained mutation: You are very frail (-20% HP). [mutagenic meat]
 11376 | D:14     | Got a warped trident
 11422 | D:14     | Identified the +4 trident of Ofal {venom, rF+ Int+4} (You found it on level 14 of the Dungeon)
 11674 | D:15     | Entered Level 15 of the Dungeon
 11797 | D:15     | HP: 3/104 [efreet/bolt of fire (8)]
 11828 | D:15     | Gained mutation: You possess an exceptional clarity of mind. [mutagenic meat]
 11829 | D:15     | Gained mutation: You are resistant to hostile enchantments. [mutagenic meat]
 11892 | D:15     | Reached skill level 10 in Fighting
 11962 | D:15     | Lost mutation: You occasionally shout uncontrollably at your foes. [mutagenic meat]
 11963 | D:15     | Lost mutation: You are agile. (Dex +2) [mutagenic meat]
 11964 | D:15     | Gained mutation: You are resistant to electric shocks. [mutagenic meat]
 11966 | D:15     | Gained mutation: Your spells are a little harder to cast, but a little more powerful. [mutagenic meat]
 11967 | D:15     | Lost mutation: You are very frail (-20% HP). [mutagenic meat]
 11969 | D:15     | Found a staircase to the Depths.
 12030 | D:15     | Gained mutation: You are dopey. (Int -2) [mutagenic meat]
 12031 | D:15     | Gained mutation: You expend magic power (3 MP) to strengthen your wands. [mutagenic meat]
 12170 | D:15     | Found a sparkling altar of Nemelex Xobeh.
 12460 | D:15     | Reached skill level 16 in Axes
 13165 | D:10     | Found a runed door.
 13169 | D:10     | Found a runed door.
 13380 | D:10     | Reached XP level 15. HP: 80/125 MP: 15/15
 13953 | Orc:1    | Entered Level 1 of the Orcish Mines
 13987 | Orc:1    | Noticed Gastronok
 14011 | Orc:1    | Noticed Snorg
 14014 | Orc:1    | Killed Gastronok
 14047 | Orc:1    | Killed Snorg
 14467 | Orc:2    | Noticed Rupert
 14479 | Orc:2    | Noticed Nergalle
 14496 | Orc:2    | Killed Rupert
 14497 | Orc:2    | Killed Nergalle
 15190 | Orc:3    | Found a bloodstained altar of Trog.
 15519 | Orc:4    | Entered Level 4 of the Orcish Mines
 15600 | Orc:4    | Found a staircase to the Elven Halls.
 15919 | Orc:4    | Reached skill level 10 in Dodging
 15981 | Orc:4    | Found Adoxoipu's Jewellery Shoppe.
 15981 | Orc:4    | Found Beohot's Gadget Boutique.
 15982 | Orc:4    | Found Enaf's Book Shop.
 15982 | Orc:4    | Found Caom's Antique Armour Shoppe.
 16365 | Orc:4    | Bought a distressingly furry scale mail for 297 gold pieces
 16375 | Orc:4    | Identified the cursed +1 scale mail "Genoz" {rN+ MP+9 Str+2} (You bought it in a shop on level 4 of the Orcish Mines)
 16591 | Lair:1   | HP: 2/126 [fire dragon/blast of flame (38)]
 16719 | Lair:1   | Reached skill level 17 in Axes
 16828 | Lair:1   | Got a scorched hat
 16840 | Lair:1   | Identified the +5 hat "Taxzauqupo" {rF+ Int+2 SInv} (You found it on level 1 of the Lair of Beasts)
 17608 | Lair:2   | Gained mutation: Your casting is slightly disrupted. [Ru sacrifice]
 18759 | Lair:4   | Gained mutation: Your casting is disrupted. [Ru sacrifice]
 20598 | Lair:6   | Found a staircase to the Shoals.
 20698 | Lair:6   | Found a staircase to the Snake Pit.
 20762 | Lair:6   | Reached XP level 16. HP: 112/135 MP: 16/16
 20955 | Lair:6   | You fall through a shaft for 2 floors!
 20955 | Lair:8   | Entered Level 8 of the Lair of Beasts
 22513 | Lair:8   | Found a viscous altar of Jiyva.
 22513 | Lair:8   | Found a staircase to the Slime Pits.
 23523 | Snake:1  | Entered Level 1 of the Snake Pit
 24029 | Snake:2  | Found Hin Wiwifa's Weapon Emporium.
 24117 | Snake:2  | Found Nienkosch's Food Boutique.
 24140 | Snake:2  | You fall through a shaft!
 24410 | Snake:2  | Found Enliti's General Store.
 24489 | Snake:2  | Bought a potion of mutation for 32 gold pieces
 24489 | Snake:2  | Bought a potion of mutation for 32 gold pieces
 24489 | Snake:2  | Gained mutation: Your flesh is heat resistant. [potion of mutation]
 24489 | Snake:2  | Gained mutation: You have very sharp teeth. [potion of mutation]
 24663 | Snake:2  | Reached skill level 18 in Axes
 25382 | Snake:3  | Reached XP level 17. HP: 33/143 MP: 17/17
 26082 | Shoals:1 | Entered Level 1 of the Shoals
 26574 | Shoals:1 | You fall through a shaft!
 26589 | Shoals:2 | Reached skill level 15 in Armour
 26603 | Shoals:2 | Reached skill level 15 in Shields
 26612 | Shoals:2 | Killed from afar by a merfolk aquamancer

Vault maps used:
D:1:      minmay_arrival_loop, amethyst_killhole, eino_curves_01
D:2:      old_standard_altar, minmay_misc_feat_plants
D:3:      first_bread, grunt_ministairs_3, cheibriados_altar_1, uniq_sigmund
D:4:      minmay_temple_entry_from_below_b, uniq_crazy_yiuf_cottage
D:5:      overflow_temple_1_default, minitemple, serial_shops,
          nicolae_shop_stone, kennysheep_mini
D:6:      uniq_blork_the_orc
D:7:      grunt_ogre_cave, lemuel_oklob_altar
D:8:      serial_shops, nicolae_shop_temple_entry_statues_fountains,
          minmay_small_thing
D:9:      kennysheep_little_box, vehumet_crystals, uniq_grum, uniq_maurice
D:10:     lemuel_troll_bridge, roderic_lattice_a
D:11:     david_lair_generic, erik_orc_3, enter_bailey_2
D:12:     hangedman_arrow_trap
D:13:     grunt_vaults_entry_fortified, uniq_sonja
D:14:     minmay_smoke_and_mirrors, minmay_misc_feat_rugged
D:15:     gammafunk_enter_depths_forms, grunt_decor_mini_mirrors, basic_altar
Temple:   circular_temple_12
Lair:1:   dragon1_lemuel, serial_bayou_ford_a, serial_bayou_shore_a,
          infiniplex_staircase_pool
Lair:2:   serial_bayou_shore_b, grunt_megastairs_3
Lair:3:   grunt_megastairs_4, lemuel_fruit_tree, lemuel_fruit_fields
Lair:5:   nicolae_quartered_pool_medium, bh_autumn_forest_stairs
Lair:6:   minmay_shoals_entry_centaurs, guppyfry_snake_entry_island,
          serial_bayou_shore_b, lemuel_fruit_fields
Lair:7:   grunt_megastairs_2
Lair:8:   due_jungle_book, dpeg_slime_entry_enclosed_altar, wad_woods_road_05
Shoals:1: nicolae_shoals_water_elemental_grotto
Shoals:2: cheibrodos_shoals_oceanic_diplomacy, serial_shops, shop,
          nicolae_shoals_aquamancer_cove
Snake:2:  serial_shops, nicolae_shop_trees, nicolae_shop_stone, shop
Snake:3:  special_room
Orc:1:    special_room, uniq_snorg, uniq_gastronok
Orc:2:    abandoned_shop, uniq_rupert, uniq_nergalle
Orc:3:    nicolae_orc_pool_cavern, trog_book
Orc:4:    st_orc_ogre_mass
Bailey:   bailey_axe_2, bailey

Action                   |  1- 3 |  4- 6 |  7- 9 | 10-12 | 13-15 | 16-18 || total
-------------------------+-------+-------+-------+-------+-------+-------++-------
Melee: War axe           |   182 |   159 |   412 |   328 |  1973 |  1036 ||  4090
       Battleaxe         |       |       |       |       |       |    30 ||    30
Invok: Reject Sacrifices |       |       |     1 |       |     3 |     1 ||     5
       Sacrifice Artific |       |       |       |     1 |       |       ||     1
       Draw Out Power    |       |       |       |     3 |    43 |    31 ||    77
       Sacrifice Stealth |       |       |       |       |     1 |       ||     1
       Sacrifice Arcana  |       |       |       |       |     1 |       ||     1
       Sacrifice Essence |       |       |       |       |     2 |       ||     2
       Apocalypse        |       |       |       |       |     1 |       ||     1
 Abil: Spit Poison       |       |       |       |       |       |     1 ||     1
Evoke: Wand              |       |     3 |    11 |     8 |       |       ||    22
  Use: Scroll            |       |       |    13 |     8 |    12 |     6 ||    39
       Potion            |       |       |     2 |     3 |     2 |     2 ||     9
 Stab: Invisible         |       |       |       |       |    13 |     5 ||    18
       Distracted        |       |       |       |       |    13 |     6 ||    19
       Paralysed         |       |       |       |       |     1 |     1 ||     2
  Eat: Pizza             |       |     1 |     2 |       |     2 |     1 ||     6
       Bread ration      |       |     1 |       |       |       |       ||     1
       Chunk             |       |       |     2 |     2 |    17 |       ||    21
       Beef jerky        |       |       |     3 |     3 |     2 |       ||     8
       Meat ration       |       |       |     1 |     1 |     7 |     3 ||    12
       Fruit             |       |       |       |       |     1 |       ||     1
       Royal jelly       |       |       |       |       |       |     2 ||     2
